[Event "23rd ETCC Women 2021"]
[Site "Catez"]
[Date "2021.11.19"]
[Round "6.24"]
[White "Sibajeva, Marija"]
[Black "Mrvova, Alena"]
[Result "0-1"]
[ECO "B31"]
[WhiteElo "1946"]
[BlackElo "2174"]
[Annotator "ChessBase"]
[PlyCount "120"]
[EventDate "2021.11.08"]
[EventType "team-tourn"]
[EventCountry "SLO"]
[WhiteTeam "Lithuania"]
[BlackTeam "Slovakia"]
[WhiteTeamCountry "LTU"]
[BlackTeamCountry "SVK"]
[TimeControl "40/5400+30:1800+30"]

1. e4 c5 2. Nf3 Nc6 3. Bb5 g6 4. O-O Bg7 5. Re1 e5 6. c3 Nge7 7. d3 O-O 8. Be3 b6 9. d4 cxd4 10. cxd4 exd4 11. Nxd4 Qc7 12. Nc3 a6 13. Ba4 b5 14. Bb3 Ne5 15. Rc1 Nc4 16. Bxc4 bxc4 17. b3 cxb3 18. Nd5 Qd8 19. Nxb3 Nxd5 20. Qxd5 Rb8 21. Qd6 Bb7 22. Nc5 Bc6 23. Nxa6 Ra8 24. Nb4 Bxe4 25. Rcd1 Bf5 26. Bd4 Qb8 27. Bxg7 Qxd6 28. Rxd6 Kxg7 29. Ra1 Rfb8 30. Ra6 Rxa6 31. Nxa6 Rb6 32. Nc5 d6 33. Nb3 Be6 34. Nc1 Bc4 35. f3 d5 36. Nb3 Bxb3 37. Rb1 Kf6 38.
Kf2 Ke5 39. Ke3 d4+ 40. Kd2 Ra6 41. axb3 Ra2+ 42. Kd3 Rxg2 43. b4 Kd6 44. Ra1 Rxh2 45. Ra6+ Kd5 46. Ra5+ Kc6 47. Ra6+ Kb5 48. Rf6 Rh4 49. Rxf7 Kxb4 50. Rc7 Kb5 51. Rc1 Rf4 52. Rh1 Kc5 53. Rh3 Kd5 54. Rg3 Ke5 55. Rg5+ Kf6 56. Rg3 g5 57. Rh3 Kg6 58. Rg3 h5 59. Rh3 h4 60. Kd2 Kh5 0-1

[Event "23rd ETCC Women 2021"]
[Site "Catez"]
[Date "2021.11.19"]
[Round "6.25"]
[White "Sebag, Marie"]
[Black "Injac, Teodora"]
[Result "1/2-1/2"]
[ECO "C88"]
[WhiteElo "2447"]
[BlackElo "2387"]
[Annotator "ChessBase"]
[PlyCount "87"]
[EventDate "2021.11.08"]
[EventType "team-tourn"]
[EventCountry "SLO"]
[WhiteTeam "France"]
[BlackTeam "Serbia"]
[WhiteTeamCountry "FRA"]
[BlackTeamCountry "SRB"]
[TimeControl "40/5400+30:1800+30"]

1. e4 e5 2. Nf3 Nc6 3. Bb5 a6 4. Ba4 Nf6 5. O-O Be7 6. Re1 b5 7. Bb3 O-O 8. a4 Bb7 9. d3 d6 10. c3 Na5 11. Ba2 c5 12. Nbd2 Qc7 13.
Nf1 c4 14. Bg5 Rfd8 15. axb5 axb5 16. Bxf6 Bxf6 17. Ne3 Ra6 18. dxc4 bxc4 19. Nd2 Bg5 20. Bxc4 Nxc4 21. Nexc4 d5 22. exd5 Rxa1 23. Qxa1 Bxd5 24. b3 h6 25. Ne4 Bxe4 26. Rxe4 Qb7 27. Re1 Qxb3 28. Nxe5 Bf6 29. f4 Rc8 30. Qa7 Bxe5 31. fxe5 Qxc3 32. Qe3 Qxe3+ 33. Rxe3 Kf8 34. Kf2 Ke7 35. Kf3 Rc2 36. h4 h5 37. g3 Ke6 38. Re4 Rc1 39. Ra4 Rf1+ 40. Ke4 Re1+ 41. Kf4 Rf1+ 42. Ke4 Re1+ 43. Kf4 Rf1+ 44. Ke4 1/2-1/2

[Event "23rd ETCC Women 2021"]
[Site "Catez"]
[Date "2021.11.19"]
[Round "6.27"]
[White "Milliet, Sophie"]
[Black "Manakova, Maria"]
[Result "1-0"]
[ECO "B30"]
[WhiteElo "2418"]
[BlackElo "2289"]
[Annotator "ChessBase"]
[PlyCount "125"]
[EventDate "2021.11.08"]
[EventType "team-tourn"]
[EventCountry "SLO"]
[WhiteTeam "France"]
[BlackTeam "Serbia"]
[WhiteTeamCountry "FRA"]
[BlackTeamCountry "SRB"]
[TimeControl "40/5400+30:1800+30"]

1. e4 c5 2. Nf3 Nc6 3. Bb5 e6 4. O-O Nge7 5. c3 a6 6. Ba4 b5 7. Bc2 d5 8. d4 cxd4 9. a4 b4 10. cxd4 dxe4 11. Bxe4 Nd5 12. Bg5 Be7 13. Bxe7 Ncxe7 14. Nbd2 Bb7 15. Nb3 Ng6 16. Nc5 Qe7 17. Re1 O-O 18. Qd2 Rfd8 19. h4 Ra7 20. g3 Qd6 21. Ng5 Nf8 22. Qc2 g6 23.
Bg2 Ba8 24. Nge4 Qe7 25. Rad1 a5 26. Qc1 Nf6 27. Qf4 Nxe4 28.
Bxe4 Bd5 29. h5 gxh5 30. Qh6 Ng6 31. Qxh5 Qf6 32. Kg2 Qg7 33. Qg5 Ne7 34. Qxg7+ Kxg7 35. f3 Rd6 36. Kf2 h6 37. Ke3 Rc7 38. Rc1 Rc8 39. g4 Rcd8 40. Red1 Kf6 41. Bd3 Kg7 42. Bb5 Ng6 43. Be2 Nh4 44. Ne4 R6d7 45. Bb5 Re7 46. Kf2 Nxf3 47. Kxf3 f5 48. Bd3 fxe4+ 49. Bxe4 Bb3 50. Rd2 Ra7 51. Rc6 Kf7 52. d5 exd5 53. Bf5 Bxa4 54. Rxh6 Raa8 55. Rh7+ Kf6 56. Kf4 Rg8 57. g5+ Rxg5 58. Rh6+ Kg7 59. Kxg5 Be8 60. Rh7+ Kg8 61. Rdh2 Kf8 62. Kf6 Ra6+ 63. Be6 1-0

[Event "23rd ETCC Women 2021"]
[Site "Catez"]
[Date "2021.11.19"]
[Round "6.31"]
[White "Sandu, Mihaela"]
[Black "Shapir, Maya"]
[Result "1-0"]
[ECO "B45"]
[WhiteElo "2244"]
[BlackElo "2256"]
[Annotator "ChessBase"]
[PlyCount "109"]
[EventDate "2021.11.08"]
[EventType "team-tourn"]
[EventCountry "SLO"]
[WhiteTeam "Romania"]
[BlackTeam "Israel"]
[WhiteTeamCountry "ROU"]
[BlackTeamCountry "ISR"]
[TimeControl "40/5400+30:1800+30"]

1. e4 c5 2. Nf3 e6 3. d4 cxd4 4. Nxd4 Nf6 5. Nc3 Nc6 6. Ndb5 Bb4 7. a3 Bxc3+ 8. Nxc3 d5 9. Bd3 O-O 10. O-O d4 11. Ne2 e5 12. h3 Qd6 13.
Ng3 Be6 14. f4 exf4 15. Rxf4 Nd7 16. Qh5 Qe5 17. Nf5 Bxf5 18. exf5 Nf6 19. Qh4 Rfe8 20. Bd2 Qc5 21. Rf3 Kh8 22. Rg3 Rg8 23. Rf1 Rae8 24. Bg5 Qd6 25. Rf4 Re3 26. Bxf6 Qxf6 27. Qxf6 gxf6 28. Rxe3 dxe3 29. Re4 Ne5 30. Rxe3 Rg5 31. Be4 Nc4 32. Rc3 Nd6 33. Bd3 Nxf5 34. Rc7 Nd6 35. c4 Rg3 36. Bc2 b6 37. Kf2 Rg5 38. Bd3 Rc5 39. Rxc5 bxc5 40. b4 cxb4 41. axb4 Kg7 42. Ke3 h5 43. g3 Kf8 44. c5 Ne8 45. Kd4 Nc7 46. Be2 Ne6+ 47. Kc4 f5 48.
Bxh5 f4 49. gxf4 Nxf4 50. Bg4 Ke7 51. Kd4 Ng6 52. Kd5 Kd8 53.
Kd6 Ne7 54. c6 f5 55. c7+ 1-0

[Event "23rd ETCC Women 2021"]
[Site "Catez"]
[Date "2021.11.19"]
[Round "6.33"]
[White "Peng, Zhaoqin"]
[Black "Cramling, Pia"]
[Result "1/2-1/2"]
[ECO "E46"]
[WhiteElo "2351"]
[BlackElo "2457"]
[Annotator "ChessBase"]
[PlyCount "87"]
[EventDate "2021.11.08"]
[EventType "team-tourn"]
[EventCountry "SLO"]
[WhiteTeam "Netherlands"]
[BlackTeam "Sweden"]
[WhiteTeamCountry "NED"]
[BlackTeamCountry "SWE"]
[TimeControl "40/5400+30:1800+30"]

1. d4 Nf6 2. c4 e6 3. Nc3 Bb4 4. e3 O-O 5. Nge2 d5 6. a3 Be7 7. Ng3 Re8 8.
Bd3 dxc4 9. Bxc4 c5 10. O-O cxd4 11. exd4 Nbd7 12. Be3 Nb6 13. Ba2 Bd7 14. Qd3 Bc6 15. Rad1 Nbd5 16. Nge4 Nxe4 17. Nxe4 Rc8 18. Rfe1 b6 19. Bd2 f5 20. Nc3 Bf6 21. Bxd5 Bxd5 22. Bf4 Bb3 23. Rd2 Bc4 24. Qe3 h6 25. h3 Qd7 26. Be5 Bg5 27. Bf4 Be7 28.
Qg3 Kh7 29. Be5 Bf8 30. Red1 Bb3 31. Re1 Bc4 32. Red1 Qe7 33. h4 Red8 34. d5 exd5 35. Nxd5 Bxd5 36. Rxd5 Rxd5 37. Rxd5 Rc4 38. Rd4 Rc5 39. Bf4 Qe6 40. Qe3 Qxe3 41. Bxe3 Rc7 42. h5 Be7 43. Rd5 Bf6 44. b3 1/2-1/2

[Event "23rd ETCC Women 2021"]
[Site "Catez"]
[Date "2021.11.19"]
[Round "6.34"]
[White "Agrest, Inna"]
[Black "Roebers, Eline"]
[Result "0-1"]
[ECO "B33"]
[WhiteElo "2258"]
[BlackElo "2304"]
[Annotator "ChessBase"]
[PlyCount "116"]
[EventDate "2021.11.08"]
[EventType "team-tourn"]
[EventCountry "SLO"]
[WhiteTeam "Sweden"]
[BlackTeam "Netherlands"]
[WhiteTeamCountry "SWE"]
[BlackTeamCountry "NED"]
[TimeControl "40/5400+30:1800+30"]

1. e4 c5 2. Nf3 Nc6 3. d4 cxd4 4. Nxd4 Nf6 5. Nc3 e5 6.
Ndb5 d6 7. Bg5 a6 8. Na3 b5 9. Nd5 Be7 10. Nxe7 Qxe7 11. c4 O-O 12. Be2 h6 13. Be3 Bb7 14. O-O b4 15. Nc2 Nxe4 16. Bf3 Nf6 17. Bxc6 Bxc6 18. Nxb4 Bb7 19. Rc1 Rfc8 20. a3 a5 21. Nd5 Bxd5 22. cxd5 Qb7 23. Rxc8+ Rxc8 24. Qa4 Qxd5 25. Rd1 Qe6 26.
Qxa5 d5 27. Re1 Rc2 28. h3 Qc8 29. Bb6 Nd7 30. Be3 d4 31.
Bd2 Rxb2 32. Rc1 Qb8 33. Bb4 Qb6 34. Qd5 Qf6 35. Be1 Nb6 36.
Qe4 Qg5 37. Rc6 Qe7 38. Bb4 Qb7 39. Qf3 f5 40. Re6 Rb1+ 41.
Kh2 Qxf3 42. gxf3 Nc4 43. Rc6 Nb2 44. f4 e4 45. Rd6 d3 46.
Rd5 Nd1 47. Kg3 Rb2 48. Bc5 Nc3 49. Rd8+ Kf7 50. Be3 Ke7 51. Rg8 d2 52. Bxd2 Rxd2 53. Rxg7+ Kf6 54. Ra7 Ne2+ 55. Kh4 Nxf4 56. Ra6+ Ne6 57. Kg3 Rd3+ 58. Kg2 Ke5 0-1

[Event "23rd ETCC Women 2021"]
[Site "Catez"]
[Date "2021.11.19"]
[Round "6.36"]
[White "Cramling Bellon, Anna"]
[Black "Lanchava, Tea"]
[Result "0-1"]
[ECO "A80"]
[WhiteElo "2035"]
[BlackElo "2215"]
[Annotator "ChessBase"]
[PlyCount "58"]
[EventDate "2021.11.08"]
[EventType "team-tourn"]
[EventCountry "SLO"]
[WhiteTeam "Sweden"]
[BlackTeam "Netherlands"]
[WhiteTeamCountry "SWE"]
[BlackTeamCountry "NED"]
[TimeControl "40/5400+30:1800+30"]

1. d4 f5 2. Nc3 Nf6 3. Bg5 d5 4. Nf3 e6 5. e3 Be7 6. Bd3 O-O 7. Qe2 Ne4 8. Bxe7 Qxe7 9. Ne5 Qb4 10. Bxe4 Qxb2 11. O-O Qxc3 12. Bd3 c5 13. Qe1 cxd4 14. Qxc3 dxc3 15. Rab1 Nc6 16. Nxc6 bxc6 17. Rb3 c5 18. Bb5 c4 19. Rbb1 Rb8 20. a4 Rf7 21. Bc6 Rb2 22. Rxb2 cxb2 23. c3 Rc7 24. Be8 g6 25. a5 Rc5 26. Ba4 Rxa5 27. Bc2 Bd7 28.
f3 Ra1 29. Bb1 a5 0-1

[Event "23rd ETCC Women 2021"]
[Site "Catez"]
[Date "2021.11.19"]
[Round "6.40"]
[White "Richterova, Natasa"]
[Black "De Seroux, Camille"]
[Result "1-0"]
[ECO "A35"]
[WhiteElo "2185"]
[BlackElo "2125"]
[Annotator "ChessBase"]
[PlyCount "133"]
[EventDate "2021.11.08"]
[EventType "team-tourn"]
[EventCountry "SLO"]
[WhiteTeam "Czech Republic"]
[BlackTeam "Switzerland"]
[WhiteTeamCountry "CZE"]
[BlackTeamCountry "SUI"]
[TimeControl "40/5400+30:1800+30"]

1. Nf3 c5 2. c4 Nc6 3. Nc3 g6 4. e3 Nf6 5. d4 cxd4 6. exd4 d5 7. Bg5 Ne4 8. cxd5 Nxc3 9. bxc3 Qxd5 10. Qb3 Qxb3 11. axb3 Bg7 12. Bb5 Bd7 13. O-O h6 14. Bd2 e6 15. Rfe1 O-O 16. Bf4 a6 17. Bd3 Rac8 18. Rac1 Rfd8 19. Be4 g5 20. Bd6 Na5 21. Nd2 Be8 22. Be7 Rd7 23. Bb4 Nc6 24. Bc5 f5 25. Bb1 Ne5 26. Ba3 Bf7 27. Red1 Ng6 28. Nc4 Nf4 29. Re1 Rc6 30. Bb2 Rd5 31. g3 Ng6 32. Ne3 Rd8 33.
d5 exd5 34. Nxf5 Bf8 35. Nd4 Rb6 36. Bc2 Bg7 37. Nf5 Bf8 38.
Rcd1 Rc8 39. Ne3 Ne5 40. Kg2 Nc4 41. bxc4 Rxb2 42. Bf5 Rxc4 43. Nxc4 dxc4 44. Be6 Bxe6 45. Rxe6 Bc5 46. Rxh6 Rxf2+ 47. Kh3 Kg7 48. Re6 b6 49. Rd7+ Kf8 50. Rc6 Rf7 51. Rxf7+ Kxf7 52. Kg4 a5 53. Kf5 a4 54. Rc7+ Ke8 55. Ke6 Kd8 56. Ra7 a3 57. Kd5 Kc8 58. Kxc4 g4 59. Kb3 Bg1 60. Rg7 Bxh2 61. Rxg4 Kd7 62. Rg6 Bg1 63. Kxa3 Ke7 64. Kb4 Kf7 65. Rc6 Bf2 66. g4 Be3 67. Kb5 1-0

[Event "23rd ETCC Women 2021"]
[Site "Catez"]
[Date "2021.11.19"]
[Round "6.42"]
[White "Matnadze, Ana"]
[Black "Kolaric, Spela"]
[Result "1-0"]
[ECO "D11"]
[WhiteElo "2418"]
[BlackElo "2178"]
[Annotator "ChessBase"]
[PlyCount "65"]
[EventDate "2021.11.08"]
[EventType "team-tourn"]
[EventCountry "SLO"]
[WhiteTeam "Spain"]
[BlackTeam "Slovenia"]
[WhiteTeamCountry "ESP"]
[BlackTeamCountry "SLO"]
[TimeControl "40/5400+30:1800+30"]

1. d4 d5 2. Nf3 Nf6 3. g3 Bf5 4. Bg2 c6 5. O-O e6 6. c4 Nbd7 7. Nc3 h6 8. Qb3 Qb6 9. c5 Qxb3 10. axb3 a6 11. b4 Rc8 12. Nd2 Be7 13.
f3 g5 14. e4 dxe4 15. fxe4 Bg6 16. Nc4 O-O 17. Re1 Rfe8 18. Bd2 Bf8 19. h4 Nh7 20. Bf3 f6 21. d5 Nb8 22. dxe6 Rcd8 23. h5 Bxh5 24. Bxh5 Rxe6 25. Be3 Bg7 26. Rad1 Rf8 27. Nd6 Re7 28. Nf5 Rc7 29. Rd6 Rfc8 30. Red1 Nf8 31. Bd4 Nh7 32. Nxg7 Kxg7 33. e5 1-0

[Event "23rd ETCC Women 2021"]
[Site "Catez"]
[Date "2021.11.19"]
[Round "6.45"]
[White "Novkovic, Julia"]
[Black "Goossens, Hanne"]
[Result "1/2-1/2"]
[ECO "B52"]
[WhiteElo "2082"]
[BlackElo "2126"]
[Annotator "ChessBase"]
[PlyCount "73"]
[EventDate "2021.11.08"]
[EventType "team-tourn"]
[EventCountry "SLO"]
[WhiteTeam "Austria"]
[BlackTeam "Belgium"]
[WhiteTeamCountry "AUT"]
[BlackTeamCountry "BEL"]
[TimeControl "40/5400+30:1800+30"]

1. e4 c5 2. Nf3 d6 3. Bb5+ Bd7 4. Bxd7+ Nxd7 5. O-O Ngf6 6. Re1 e6 7. c4 Be7 8. d4 cxd4 9. Nxd4 O-O 10. Nc3 Qa5 11. Nde2 Rac8 12. b3 a6 13. Bd2 Qc7 14. Bf4 Qb8 15. a4 Rfd8 16. Rc1 Ne5 17. Ng3 b6 18. f3 Nfd7 19. Re2 Nc5 20. Rd2 Rc7 21. Nf1 Rdc8 22. Rb1 Ncd7 23. Ne3 Bf8 24. Bg3 Qb7 25. h4 Qa7 26. Bf2 Qb7 27. h5 h6 28. f4 Nc6 29. Ng4 Kh8 30. Bh4 Nb4 31. Bf2 Be7 32. Bd4 Nc6 33.
Be3 Nf6 34. Nf2 Nb4 35. Bd4 Nc6 36. Be3 Nb4 37. Bd4 1/2-1/2

[Event "23rd ETCC Women 2021"]
[Site "Catez"]
[Date "2021.11.19"]
[Round "6.48"]
[White "Dierckens, Sarah"]
[Black "Mayrhuber, Nikola"]
[Result "0-1"]
[ECO "C13"]
[WhiteElo "1795"]
[BlackElo "2091"]
[Annotator "ChessBase"]
[PlyCount "88"]
[EventDate "2021.11.08"]
[EventType "team-tourn"]
[EventCountry "SLO"]
[WhiteTeam "Belgium"]
[BlackTeam "Austria"]
[WhiteTeamCountry "BEL"]
[BlackTeamCountry "AUT"]
[TimeControl "40/5400+30:1800+30"]

1. e4 e6 2. d4 d5 3. Nc3 Nf6 4. Bg5 dxe4 5. Nxe4 Be7 6. Bxf6 gxf6 7. Nf3 f5 8. Ned2 c5 9. c3 Nc6 10. Bb5 Bd7 11. Nb3 cxd4 12. Nbxd4 Qb6 13. Qe2 Rg8 14. O-O-O O-O-O 15. Bxc6 Bxc6 16. Nxc6 bxc6 17. Nd4 Bg5+ 18. Kb1 Kb7 19. Qe5 Rd5 20. Qe2 Bf6 21. Qh5 Rg7 22. Qh6 Bxd4 23. Rxd4 Rxd4 24. Qxg7 Rd2 25. c4 Qxf2 26. Qxf7+ Kb6 27. Qf6 Qxg2 28. Rc1 Qe4+ 29. Ka1 Qd4 30. Qxd4+ Rxd4 31. b3 e5 32. Re1 e4 33. Kb1 f4 34. Kc2 e3 35. Re2 Kc5 36. Kc3 Rd1 37. Kc2 Rf1 38.
Kd3 Kb4 39. Kd4 Rf2 40. Kd3 Rxe2 41. Kxe2 Kc3 42. h4 h5 43. Ke1 f3 44. c5 a5 0-1

[Event "23rd ETCC Women 2021"]
[Site "Catez"]
[Date "2021.11.19"]
[Round "6.51"]
[White "Janzelj, Lara"]
[Black "Johannsdottir, Johanna Bjorg"]
[Result "1-0"]
[ECO "E20"]
[WhiteElo "2150"]
[BlackElo "1952"]
[Annotator "ChessBase"]
[PlyCount "95"]
[EventDate "2021.11.08"]
[EventType "team-tourn"]
[EventCountry "SLO"]
[WhiteTeam "Slovenia"]
[BlackTeam "Iceland"]
[WhiteTeamCountry "SLO"]
[BlackTeamCountry "ISL"]
[TimeControl "40/5400+30:1800+30"]

1. d4 Nf6 2. c4 e6 3. Nc3 Bb4 4. f3 b6 5. e4 O-O 6. Bd3 c5 7. d5 exd5 8.
cxd5 Qc7 9. a3 Bxc3+ 10. bxc3 c4 11. Bc2 Qe5 12. Ne2 Re8 13.
Bf4 Qe7 14. O-O Nh5 15. Be3 f5 16. Nd4 d6 17. Qe2 f4 18.
Bf2 Ba6 19. Ne6 Bc8 20. Ba4 Bxe6 21. Bxe8 Qxe8 22. dxe6 Qxe6 23. Rfd1 Nc6 24. Bh4 Ne5 25. Rd5 Nf6 26. Bxf6 Qxf6 27. Qa2 Kh8 28. Rad1 Rd8 29. a4 h5 30. Qf2 h4 31. Qd4 Rf8 32. Rxd6 Qg5 33.
Qf2 Nd3 34. Qd4 h3 35. Rd2 Ne1 36. Qf2 Nxg2 37. R2d5 Qe7 38. Rh5+ Kg8 39. Qd4 Ne3 40. Kf2 Qe8 41. Qe5 Qc8 42. Rg5 Rf7 43. Re6 Nd1+ 44. Ke1 Qd7 45. Re8+ Rf8 46. Rxf8+ Kxf8 47. Qxf4+ Kg8 48. Rd5 1-0

[Event "23rd ETCC Women 2021"]
[Site "Catez"]
[Date "2021.11.19"]
[Round "6.54"]
[White "Bejatovic, Bojana"]
[Black "Caglar, Sila"]
[Result "0-1"]
[ECO "D00"]
[WhiteElo "2031"]
[BlackElo "2250"]
[Annotator "ChessBase"]
[PlyCount "108"]
[EventDate "2021.11.08"]
[EventType "team-tourn"]
[EventCountry "SLO"]
[WhiteTeam "Macedonia"]
[BlackTeam "Turkey"]
[WhiteTeamCountry "MKD"]
[BlackTeamCountry "TUR"]
[TimeControl "40/5400+30:1800+30"]

1. d4 Nf6 2. Nc3 d5 3. Bf4 g6 4. e3 Bg7 5. h4 h6 6. Nf3 c5 7. Nb5 Na6 8. c3 Bd7 9. Ne5 c4 10. a4 Bxb5 11. axb5 Nc7 12. b6 Ne6 13. Qa4+ Nd7 14. bxa7 Bxe5 15. Bxe5 f6 16. Bg3 Qb6 17. Ra2 f5 18. Be2 Nd8 19. Be5 Rg8 20. Bf4 h5 21. O-O Nc6 22. Qc2 Nf6 23.
Rfa1 Rxa7 24. Rxa7 Nxa7 25. Be5 Kf7 26. Bf3 e6 27. Bc7 Qxc7 28.
Rxa7 Qb6 29. Qa4 Re8 30. Bd1 Qxb2 31. Qa6 Re7 32. Qa1 Qd2 33. Bf3 Qc2 34. Qa5 Qb1+ 35. Kh2 b6 36. Rxe7+ Kxe7 37. Qa7+ Nd7 38. Qa3+ Kf7 39. Qd6 Qb5 40. Qf4 Qc6 41. Bd1 b5 42. f3 Qb7 43. Kh3 Qb8 44. Qh6 Nf6 45. g4 hxg4+ 46. fxg4 fxg4+ 47. Bxg4 Ne4 48. Bxe6+ Kxe6 49. Qxg6+ Nf6 50. e4 Qf4 51. e5 Qf5+ 52. Qxf5+ Kxf5 53. exf6 Kxf6 54. Kg4 b4 0-1

[Event "23rd ETCC Women 2021"]
[Site "Catez"]
[Date "2021.11.19"]
[Round "6.55"]
[White "Kocyigit, Buse Naz"]
[Black "Trajkovska, Sanja"]
[Result "1/2-1/2"]
[ECO "D07"]
[WhiteElo "2034"]
[BlackElo "1960"]
[Annotator "ChessBase"]
[PlyCount "60"]
[EventDate "2021.11.08"]
[EventType "team-tourn"]
[EventCountry "SLO"]
[WhiteTeam "Turkey"]
[BlackTeam "Macedonia"]
[WhiteTeamCountry "TUR"]
[BlackTeamCountry "MKD"]
[TimeControl "40/5400+30:1800+30"]

1. Nf3 d5 2. d4 Nf6 3. c4 dxc4 4. Nc3 Nc6 5. e4 Bg4 6. Be3 e6 7. Bxc4 Bxf3 8. gxf3 a6 9. Qd2 Bb4 10. Rg1 Na5 11. Be2 Rg8 12. Qc2 Nd7 13.
a3 Bd6 14. e5 Be7 15. Qxh7 Rf8 16. Rxg7 c6 17. f4 Qb6 18. Qc2 Nb3 19. Rd1 O-O-O 20. d5 Bc5 21. dxc6 bxc6 22. Bxc5 Ndxc5 23.
Rxd8+ Rxd8 24. Ne4 Qa5+ 25. Nc3 Qb6 26. Ne4 Qa5+ 27. Nc3 Qb6 28.
Ne4 Qa5+ 29. Nc3 Qb6 30. Ne4 Qa5+ 1/2-1/2

[Event "23rd ETCC Women 2021"]
[Site "Catez"]
[Date "2021.11.19"]
[Round "6.56"]
[White "Manova, Ivana"]
[Black "Aydin, Gulenay"]
[Result "1-0"]
[ECO "B13"]
[WhiteElo "1809"]
[BlackElo "2114"]
[Annotator "ChessBase"]
[PlyCount "149"]
[EventDate "2021.11.08"]
[EventType "team-tourn"]
[EventCountry "SLO"]
[WhiteTeam "Macedonia"]
[BlackTeam "Turkey"]
[WhiteTeamCountry "MKD"]
[BlackTeamCountry "TUR"]
[TimeControl "40/5400+30:1800+30"]

1. e4 c6 2. d4 d5 3. exd5 cxd5 4. Bd3 Nc6 5. c3 Nf6 6. Bf4 Bg4 7. Qb3 Qd7 8. Nd2 e6 9. Ngf3 Be7 10. Ne5 Qc8 11. Qc2 Bh5 12. O-O Bg6 13.
Rae1 O-O 14. Nxg6 hxg6 15. Nf3 a6 16. Ng5 Nh7 17. Nxh7 Kxh7 18. Re3 Kg8 19. Rfe1 Qd7 20. Rh3 f5 21. Qd2 Rae8 22. Rg3 Kf7 23.
Bg5 Bd6 24. Bf4 Be7 25. Bg5 Qd8 26. f4 Rh8 27. Qe3 Bf6 28.
a4 Qa5 29. Qd2 Qxa4 30. h3 Qa5 31. Qc1 Qc7 32. Kh2 Na5 33.
Qc2 Nc4 34. Qe2 Nd6 35. Bxf6 gxf6 36. Re3 Ne4 37. g3 Re7 38. Kg2 Kg8 39. c4 Kg7 40. c5 Qa5 41. Rd1 Qc7 42. Bc2 Rd8 43.
b4 e5 44. Qf3 a5 45. fxe5 fxe5 46. g4 f4 47. Rxe4 dxe4 48. Qxe4 Qc6 49. d5 Qf6 50. d6 Rf7 51. Kf3 Qh4 52. Qxg6+ Kf8 53. Ke4 Qxh3 54. Re1 axb4 55. Ba4 f3 56. Bb3 Rf4+ 57. Kxe5 Qxg4 58. Qh6+ Ke8 59. Qxf4 Qxf4+ 60. Kxf4+ Kd7 61. Ba4+ Kc8 62. Kxf3 b6 63. Rc1 Kb8 64. Ke4 bxc5 65. Kd5 Rh8 66. Rxc5 Rh5+ 67. Kc6 Rh6 68. Rb5+ Kc8 69. Rxb4 Rh7 70. Rf4 Rh8 71. Bb5 Rg8 72. Bc4 Rh8 73. Be6+ Kb8 74. Rb4+ Ka8 75. Kc7 1-0

[Event "23rd ETCC Women 2021"]
[Site "Catez"]
[Date "2021.11.19"]
[Round "6.58"]
[White "Medic, Mirjana"]
[Black "Emelianova, Maria"]
[Result "1-0"]
[ECO "E68"]
[WhiteElo "2196"]
[BlackElo "2113"]
[Annotator "ChessBase"]
[PlyCount "75"]
[EventDate "2021.11.08"]
[EventType "team-tourn"]
[EventCountry "SLO"]
[WhiteTeam "Croatia"]
[BlackTeam "England"]
[WhiteTeamCountry "CRO"]
[BlackTeamCountry "ENG"]
[TimeControl "40/5400+30:1800+30"]

1. d4 Nf6 2. Nf3 g6 3. g3 Bg7 4. c4 O-O 5. Bg2 d6 6. Nc3 Nbd7 7. O-O e5 8. h3 Re8 9. e4 exd4 10. Nxd4 Nc5 11. Re1 Bd7 12. Rb1 a5 13. b3 a4 14. b4 Ne6 15. Nf3 Ng4 16. Nd5 Ne5 17. Nxe5 Bxe5 18. Be3 Bg7 19. Qd2 b6 20. f4 c5 21. f5 Nd4 22. g4 Rb8 23. Rf1 Bc6 24. fxg6 hxg6 25. Bg5 Qd7 26. Nf6+ Bxf6 27. Bxf6 Re6 28. Bxd4 cxd4 29. Qxd4 Qb7 30. Rf4 Rbe8 31. Rbf1 Rxe4 32. Bxe4 Rxe4 33.
Rxe4 Bxe4 34. Qxd6 Bg2 35. Qd8+ Kh7 36. Qh4+ Kg8 37. Rd1 f5 38. Qd8+ 1-0

[Event "23rd ETCC Women 2021"]
[Site "Catez"]
[Date "2021.11.19"]
[Round "6.59"]
[White "Bayat, Shohreh"]
[Black "Radikovic, Anamarija"]
[Result "1/2-1/2"]
[ECO "B13"]
[WhiteElo "2091"]
[BlackElo "2124"]
[Annotator "ChessBase"]
[PlyCount "96"]
[EventDate "2021.11.08"]
[EventType "team-tourn"]
[EventCountry "SLO"]
[WhiteTeam "England"]
[BlackTeam "Croatia"]
[WhiteTeamCountry "ENG"]
[BlackTeamCountry "CRO"]
[TimeControl "40/5400+30:1800+30"]

1. d4 Nf6 2. Nc3 d5 3. Bf4 c5 4. e3 cxd4 5. exd4 a6 6. Nf3 Bg4 7. Be2 Nc6 8. Ne5 Bxe2 9. Nxe2 e6 10. c3 Be7 11. Nc1 Rc8 12. Ncd3 O-O 13.
O-O b5 14. Nxc6 Rxc6 15. Ne5 Rc8 16. a3 Ne4 17. Qg4 Kh8 18.
Rae1 a5 19. Qh5 Qe8 20. f3 Nf6 21. Qh3 b4 22. axb4 axb4 23.
Bd2 Qb5 24. Ng4 Nd7 25. f4 f5 26. Ne5 Kg8 27. Nxd7 Qxd7 28. Qe3 Kf7 29. Qe2 g6 30. Rf3 Rc6 31. Rh3 Kg8 32. Re3 Kf7 33.
cxb4 Rb8 34. b5 Rcb6 35. Ba5 Qxb5 36. Qxb5 Rxb5 37. Rxe6 Bh4 38. g3 Bxg3 39. hxg3 Rxa5 40. Re7+ Kf8 41. R1e2 Ra1+ 42. Kf2 Rh1 43. Kg2 Rb1 44. Rxh7 R8xb2 45. Rxb2 Rxb2+ 46. Kf3 Rb3+ 47. Ke2 Ke8 48. Kf2 Rb2+ 1/2-1/2

[Event "23rd ETCC Women 2021"]
[Site "Catez"]
[Date "2021.11.19"]
[Round "6.60"]
[White "Vujnovic, Patricija"]
[Black "Varney, Zoe"]
[Result "1-0"]
[ECO "E03"]
[WhiteElo "2151"]
[BlackElo "1955"]
[Annotator "ChessBase"]
[PlyCount "75"]
[EventDate "2021.11.08"]
[EventType "team-tourn"]
[EventCountry "SLO"]
[WhiteTeam "Croatia"]
[BlackTeam "England"]
[WhiteTeamCountry "CRO"]
[BlackTeamCountry "ENG"]
[TimeControl "40/5400+30:1800+30"]

1. d4 d5 2. Nf3 Nf6 3. c4 dxc4 4. Qa4+ Nbd7 5. Qxc4 e6 6.
g3 a6 7. Bg2 b5 8. Qc2 Bb7 9. O-O c5 10. dxc5 Bxc5 11. Nc3 Rc8 12. Qd3 O-O 13. a3 Qc7 14. Bf4 Qc6 15. Ne1 Qb6 16. Bxb7 Qxb7 17. Qf3 Qa7 18. Ng2 Rfe8 19. Rfd1 e5 20. Be3 e4 21. Qf4 h6 22. Bxc5 Rxc5 23. Rd6 Rc4 24. Qe3 Qc7 25. Rad1 Nc5 26. h3 Qb7 27. Nf4 b4 28. axb4 Qxb4 29. Rxf6 gxf6 30. Nfd5 Qxb2 31. Nxf6+ Kf8 32. Qxh6+ Ke7 33. Ncd5+ Kd8 34. Nxe8 Ne6 35. Qf6+ Qxf6 36.
Nexf6 Nd4 37. e3 Nf3+ 38. Kg2 1-0

[Event "23rd ETCC Women 2021"]
[Site "Catez"]
[Date "2021.11.19"]
[Round "7.1"]
[White "Mammadzada, Gunay"]
[Black "Goryachkina, Aleksandra"]
[Result "1/2-1/2"]
[ECO "C07"]
[WhiteElo "2459"]
[BlackElo "2604"]
[Annotator "RC"]
[PlyCount "88"]
[EventDate "2021.11.08"]
[EventType "team-tourn"]
[EventCountry "SLO"]
[SourceTitle "playchess.com"]
[Source "ChessBase"]
[SourceQuality "1"]
[WhiteTeam "Azerbaijan"]
[BlackTeam "Russia"]
[WhiteTeamCountry "AZE"]
[BlackTeamCountry "RUS"]
[TimeControl "40/5400+30:1800+30"]

1. e4 e6 2. d4 d5 3. Nd2 c5 4. Ngf3 cxd4 5. exd5 Qxd5 6. Bc4 Qd6 7. O-O Nf6 8. Nb3 Nc6 9. Nbxd4 Nxd4 10. Nxd4 Be7 11. c3 O-O 12. Qf3 Qc7 13. Bb3 a5 14. a4 Bd7 15. Re1 Qb6 16. Bf4 Rac8 17. Be5 Rfd8 18. Qh3 Ne8 19. Re3 Bf6 20. f4 Bc6 21. Rf1 h6 22. f5 Bd5 23.
fxe6 Bxb3 24. Nxb3 Qxb3 25. Bxf6 Nxf6 26. e7 Re8 27. Rxf6 Rc7 28. Rf1 Rcxe7 29. Rxe7 Rxe7 30. Qc8+ Kh7 31. Qf5+ g6 32. Qxa5 Qxb2 33. Qc5 Qe2 34. h3 Rd7 35. Qf8 Qe3+ 36. Kh1 Qe6 37. Qb4 Kg7 38. Qf4 h5 39. Qg3 Qe4 40. Qf4 Qe6 41. Qg3 Rd5 42. Qc7 Rd7 43. Qg3 Rd5 44. Qc7 Rd7 1/2-1/2